 Dungeon Crawl Stone Soup version 0.19.0-2-gae57169 (webtiles) character file.

164 mistymad the Gusty (level 5, -5/28 HPs)
             Began as a Tengu Air Elementalist on Nov 5, 2016.
             Killed by nerve-wracking pain
             ... invoked by an orc priest
              (12 damage)
             ... on level 3 of the Dungeon.
             The game lasted 00:08:39 (2087 turns).

mistymad the Gusty (Tengu Air Elementalist)         Turns: 2087, Time: 00:08:39

Health: -5/28      AC:  2    Str:  8    XL:     5   Next: 45%
Magic:  0/10       EV: 12    Int: 17    God:
Gold:   125        SH:  0    Dex: 14    Spells: 3 memorised, 5 levels left

rFire  . . .     SeeInvis .     e - +0 dagger
rCold  . . .     Gourm    .     a - +0 robe
rNeg   . . .     Faith    .     (no shield)
rPois  .         Spirit   .     (helmet restricted)
rElec  .         Reflect  .     (no cloak)
rCorr  .         Harm     .     (no gloves)
MR     .....                    (boots unavailable)
Stlth  ++........               (no amulet)
                                (no ring)
                                (no ring)

@: no status effects
A: beak, talons 3, able to fly 1
a: Fly


You were on level 3 of the Dungeon.
You were not hungry.

You visited 1 branch of the dungeon, and saw 3 of its levels.

You collected 125 gold pieces.

Inventory:

Hand Weapons
 e - a +0 dagger (weapon)
Missiles
 i - 25 poisoned needles
Armour
 a - a +0 robe (worn)
Jewellery
 h - a cursed ring of wizardry {unknown}
 q - an uncursed ring of protection from magic {unknown}
Wands
 m - a wand of enslavement (4/24)
Scrolls
 d - 3 scrolls of identify {unknown}
 g - 2 scrolls of remove curse {unknown}
 k - a scroll of recharging {unknown}
Potions
 f - a potion of mutation {unknown}
 j - a potion of haste {unknown}
 n - a potion of heal wounds {unknown}
 o - a potion of brilliance {unknown}
 s - a potion of degeneration {unknown}
Books
 b - a book of Air

   Spells                             Type                      Level
   a - Shock                          Conjuration/Air              1
   b - Swiftness                      Charms/Air                   2
   c - Repel Missiles                 Charms/Air                   2
   d - Static Discharge               Conjuration/Air              3
   e - Lightning Bolt                 Conjuration/Air              5
Comestibles
 c - 3 bread rations
 l - 2 meat rations
 p - 3 chunks of flesh
 r - a beef jerky


   Skills:
 - Level 2.1 Dodging
 - Level 2.0 Stealth
 + Level 3.2 Spellcasting
 + Level 4.2 Conjurations
 + Level 5.4 Air Magic


You had 5 spell levels left.
You knew the following spells:

 Your Spells              Type           Power        Failure   Level  Hunger
a - Shock                 Conj/Air       ###.         2%          1    None
b - Repel Missiles        Chrm/Air       ##....       10%         2    ##.....
c - Swiftness             Chrm/Air       ##......     10%         2    ##.....


Dungeon Overview and Level Annotations

Branches:
Dungeon (3/15)

Altars:
Dithmenos


Innate Abilities, Weirdness & Mutations

You have a beak for a mouth.
You have claws for feet.
You can fly.


Message History

Casting: Shock
Confirm with . or Enter, or press ? or * to list all spells.
Aiming: Shock
Press: ? - help, Shift-Dir - straight line The zap hits the orc priest.
The orc priest is severely wounded.
The orc priest barely misses you.
You now have 0/10 mp.
You hit the orc priest. Your kick misses the orc priest.
The orc priest is almost dead.
The orc priest mumbles some strange prayers to Beogh against you.
Pain shoots through your body!
* * * LOW HITPOINT WARNING * * *
You take 9 damage, and have 7/28 hp.
MASSIVE DAMAGE!!
You hit the orc priest but do no damage.
You peck the orc priest.
The orc priest is almost dead.
The orc priest calls down the wrath of Beogh upon you.
Pain shoots through your body!
You die...

#.# #........#
#.# ##########
#.# ###########
#.###.....<....
#..........##
#####......#
#......#
#......# .(
######@# ...
#o# ... ###.#
.#.#####..)#
..)....#)###
#...#)##
#..o..#
##..##....#
#..## ......


You could see an orc priest.

Vanquished Creatures
  An orc priest (D:3)
  5 adders
  4 gnolls (D:2)
  An ooze (D:2)
  3 worms
  An orc (D:3)
  4 giant cockroaches
  2 goblins (D:1)
  6 hobgoblins
  2 jackals (D:3)
  5 kobolds
  A quokka (D:2)
  2 ball pythons (D:2)
  2 bats
  2 frilled lizards (D:2)
  4 rats
45 creatures vanquished.

Notes
Turn   | Place    | Note
-------+----------+-------------------------------------------
     0 | D:1      | mistymad the Tengu Air Elementalist began the quest for the Orb.
     0 | D:1      | Reached XP level 1. HP: 10/10 MP: 4/4
   348 | D:1      | Reached XP level 2. HP: 15/15 MP: 1/6
   353 | D:1      | Learned a level 2 spell: Repel Missiles
   356 | D:1      | Learned a level 2 spell: Swiftness
   868 | D:2      | Reached XP level 3. HP: 19/19 MP: 5/7
  1135 | D:2      | Reached XP level 4. HP: 24/24 MP: 3/9
  1139 | D:2      | Reached skill level 5 in Air Magic
  1946 | D:3      | Gained mutation: You can fly. [Tengu growth]
  1946 | D:3      | Reached XP level 5. HP: 23/28 MP: 5/10
  2052 | D:3      | Found a shadowy altar of Dithmenos.
  2087 | D:3      | Killed from afar by an orc priest

Skill      XL: |  1  2  3  4  5 |
---------------+----------------+-----
Conjurations   | 2 3 4 |  4.2
Air Magic      | 5 |  5.4
Spellcasting   | 3 |  3.2
Dodging        | |  2.1
Stealth        | |  2.0

Action                   |  1- 3 |  4- 6 || total
-------------------------+-------+-------++-------
Melee: Dagger            |     5 |    16 ||    21
       Peck              |       |     3 ||     3
 Cast: Shock             |    39 |    53 ||    92
       Repel Missiles    |     1 |       ||     1
  Eat: Chunk             |     1 |     3 ||     4
Armor: Robe              |     1 |     2 ||     3
Dodge: Dodged            |    16 |    22 ||    38
       Deflected         |       |     3 ||     3
